 Dungeon Crawl Stone Soup version 0.21.1-1-g345015f (webtiles) character file.

528 iamserjio the Charmwright (level 7, 0/56 HPs)
             Began as a Gnoll Skald on June 23, 2018.
             Slain by Grinder (6 damage)
             ... on level 5 of the Dungeon.
             The game lasted 00:11:24 (942 turns).

iamserjio the Charmwright (Gnoll Skald)              Turns: 942, Time: 00:11:24

Health: 0/56       AC:  5    Str: 13    XL:     7   Next: 23%
Magic:  8/15       EV: 14    Int: 17    God:
Gold:   39         SH:  4    Dex: 15    Spells: 6/17 levels left

rFire    . . .     SeeInvis .   a - +1 hand axe
rCold    . . .     Gourm    .   i - +0 buckler
rNeg     . . .     Faith    .   b - +0 leather armour
rPois    .         Spirit   .   (no helmet)
rElec    .         Reflect  .   (no cloak)
rCorr    .         Harm     .   h - +1 pair of gloves
MR       .....                  (no boots)
Stlth    ++........             (no amulet)
HPRegen  1.18/turn              (no ring)
MPRegen  0.14/turn              (no ring)

@: singing, regenerating (expiring)
A: distributed training, fangs 1, strong nose
a: no special abilities


You were on level 5 of the Dungeon.
You were near starving.

You visited 1 branch of the dungeon, and saw 5 of its levels.

You collected 39 gold pieces.

Inventory:

Hand Weapons
 a - a +1 hand axe (weapon)
 j - a +2 dagger of flaming
Missiles
 g - 2 tomahawks of returning (quivered)
Armour
 b - a +0 leather armour (worn)
 h - a +1 pair of gloves (worn)
 i - a +0 buckler (worn)
Jewellery
 p - an uncursed ring of flight {unknown}
Wands
 o - a wand of iceblast (3)
Scrolls
 e - a scroll of amnesia
 n - a scroll of fog
Potions
 k - a potion of degeneration {unknown}
 l - a potion of mutation {unknown}
Books
 c - a book of Battle

   Spells                             Type                      Level
   a - Infusion                       Charms                       1
   b - Shroud of Golubria             Charms/Translocation         2
   c - Song of Slaying                Charms                       2
   d - Spectral Weapon                Hexes/Charms                 3
   e - Regeneration                   Charms/Necromancy            3
Comestibles
 d - 4 rations


   Skills:
 + Level 5.1 Fighting
 + Level 2.3 Short Blades
 + Level 2.3 Long Blades
 + Level 5.1 Axes
 + Level 2.3 Maces & Flails
 + Level 2.3 Polearms
 + Level 2.3 Staves
 + Level 2.3 Slings
 + Level 2.3 Bows
 + Level 2.3 Crossbows
 + Level 2.3 Throwing
 + Level 3.5 Armour
 + Level 5.1 Dodging
 + Level 2.3 Stealth
 + Level 2.3 Shields
 + Level 2.3 Unarmed Combat
 + Level 5.5 Spellcasting
 + Level 1.9 Conjurations
 + Level 1.9 Hexes
 + Level 5.8 Charms
 + Level 1.9 Summonings
 + Level 1.9 Necromancy
 + Level 1.9 Translocations
 + Level 1.9 Transmutations
 + Level 1.9 Fire Magic
 + Level 1.9 Ice Magic
 + Level 1.9 Air Magic
 + Level 1.9 Earth Magic
 + Level 1.9 Poison Magic
 + Level 2.5 Invocations
 + Level 2.3 Evocations


You had 6 spell levels left.
You knew the following spells:

 Your Spells              Type           Power        Failure   Level  Hunger
a - Infusion              Chrm           ###.         1%          1    None
b - Song of Slaying       Chrm           ###.....     3%          2    #......
c - Shroud of Golubria    Chrm/Tloc      ###.......   6%          2    #......
d - Spectral Weapon       Hex/Chrm       ###.....     13%         3    ##.....
e - Regeneration          Chrm/Necr      ###.......   13%         3    ##.....


Dungeon Overview and Level Annotations

Branches:
Dungeon (5/15)
 Temple: D:4-7

Altars:
Dithmenos
Ru
Sif Muna
The Shining One

Annotations:
D:5 Grinder


Innate Abilities, Weirdness & Mutations

Your experience applies equally to all skills.
You have very sharp teeth.
Your uncanny sense of smell can sniff out nearby items.


Message History

Your skin is crawling a little less now.
Your spectral weapon hits Grinder!
Your spectral weapon hits the hound.
You kill the hound!
Grinder hits you.
You writhe in agony.
* * * LOW HITPOINT WARNING * * *
You hit Grinder.
Grinder is moderately wounded.
Your spectral weapon hits Grinder but does no damage.
Grinder gestures at you. Pain shoots through your body!
* * * LOW HITPOINT WARNING * * *
You are near starving!
You hit Grinder.
Grinder is heavily wounded.
Your spectral weapon hits Grinder.
Grinder closely misses you.
You hit Grinder.
Grinder is severely wounded.
Your spectral weapon hits Grinder but does no damage.
Grinder hits you.
You die...

# #. .#. ##+# ... ##...#
#.# #### #.....# ###.#
#.. .......## ##.#.# #.#
......(@####....#####.##
......5.'...........†...
........####....#####.##
.......## ##.#.# #.#
#..>..# ###.# #.##
##...# #.# #... ##+# #.#
#### #.######### #.#
#..<...h... #.#


You could see Grinder and a friendly spectral hand axe.

Vanquished Creatures
  A sky beast (D:5)
  6 hounds
  An orc priest (D:4)
  An orc wizard (D:4)
  3 worker ants (D:4)
  A hound skeleton (D:4)
  4 adders
  3 gnolls (D:3)
  An ooze (D:1)
  10 orcs (D:4)
  A ball python (D:4)
  3 giant cockroaches
  6 goblins
  3 hobgoblins
  7 kobolds
  A bat (D:1)
  A frilled lizard (D:3)
  A leopard gecko skeleton (D:4)
  5 rats
59 creatures vanquished.

Notes
Turn   | Place    | Note
-------+----------+-------------------------------------------
     0 | D:1      | iamserjio the Gnoll Skald began the quest for the Orb.
     0 | D:1      | Reached XP level 1. HP: 20/20 MP: 6/6
    58 | D:1      | Reached XP level 2. HP: 26/26 MP: 3/7
   214 | D:2      | Learned a level 2 spell: Song of Slaying
   217 | D:2      | Learned a level 2 spell: Shroud of Golubria
   263 | D:2      | Reached skill level 5 in Spellcasting
   263 | D:2      | Reached XP level 3. HP: 23/31 MP: 0/9
   311 | D:2      | Learned a level 3 spell: Spectral Weapon
   315 | D:2      | Learned a level 3 spell: Regeneration
   316 | D:3      | Found a shadowy altar of Dithmenos.
   320 | D:3      | Reached skill level 1 in Invocations
   324 | D:3      | Reached skill level 1 in Short Blades
   324 | D:3      | Reached skill level 1 in Long Blades
   324 | D:3      | Reached skill level 1 in Maces & Flails
   324 | D:3      | Reached skill level 1 in Polearms
   324 | D:3      | Reached skill level 1 in Staves
   324 | D:3      | Reached skill level 1 in Slings
   324 | D:3      | Reached skill level 1 in Bows
   324 | D:3      | Reached skill level 1 in Crossbows
   324 | D:3      | Reached skill level 1 in Throwing
   324 | D:3      | Reached skill level 1 in Stealth
   324 | D:3      | Reached skill level 1 in Shields
   324 | D:3      | Reached skill level 1 in Unarmed Combat
   324 | D:3      | Reached skill level 1 in Evocations
   326 | D:3      | Reached XP level 4. HP: 8/38 MP: 2/11
   382 | D:3      | Reached skill level 1 in Conjurations
   382 | D:3      | Reached skill level 1 in Hexes
   382 | D:3      | Reached skill level 1 in Summonings
   382 | D:3      | Reached skill level 1 in Necromancy
   382 | D:3      | Reached skill level 1 in Translocations
   382 | D:3      | Reached skill level 1 in Transmutations
   382 | D:3      | Reached skill level 1 in Fire Magic
   382 | D:3      | Reached skill level 1 in Ice Magic
   382 | D:3      | Reached skill level 1 in Air Magic
   382 | D:3      | Reached skill level 1 in Earth Magic
   382 | D:3      | Reached skill level 1 in Poison Magic
   433 | D:5      | Entered Level 5 of the Dungeon
   433 | D:5      | Noticed a sky beast
   439 | D:4      | Reached XP level 5. HP: 20/43 MP: 1/12
   528 | D:4      | Found a glowing golden altar of the Shining One.
   591 | D:4      | Reached XP level 6. HP: 27/50 MP: 0/13
   716 | D:4      | Reached skill level 5 in Fighting
   716 | D:4      | Reached skill level 5 in Axes
   716 | D:4      | Reached skill level 5 in Dodging
   789 | D:4      | Found a sacrificial altar of Ru.
   789 | D:4      | Found a deep blue altar of Sif Muna.
   913 | D:5      | Killed a sky beast
   913 | D:5      | Reached XP level 7. HP: 40/56 MP: 12/15
   926 | D:5      | Noticed Grinder
   928 | D:5      | Paralysed by Grinder for 4 turns
   942 | D:5      | Slain by Grinder

Skill      XL: |  1  2  3  4  5  6 |
---------------+-------------------+-----
Spellcasting   | 5 |  5.5
Invocations    | 1 2 |  2.5
Short Blades   | 1 2 |  2.3
Long Blades    | 1 2 |  2.3
Maces & Flails | 1 2 |  2.3
Polearms       | 1 2 |  2.3
Staves         | 1 2 |  2.3
Slings         | 1 2 |  2.3
Bows           | 1 2 |  2.3
Crossbows      | 1 2 |  2.3
Throwing       | 1 2 |  2.3
Stealth        | 1 2 |  2.3
Shields        | 1 2 |  2.3
Unarmed Combat | 1 2 |  2.3
Evocations     | 1 2 |  2.3
Conjurations   | 1 |  1.9
Hexes          | 1 |  1.9
Summonings     | 1 |  1.9
Necromancy     | 1 |  1.9
Translocations | 1 |  1.9
Transmutations | 1 |  1.9
Fire Magic     | 1 |  1.9
Ice Magic      | 1 |  1.9
Air Magic      | 1 |  1.9
Earth Magic    | 1 |  1.9
Poison Magic   | 1 |  1.9
Armour         | 3 |  3.5
Fighting       | 5 |  5.1
Axes           | 5 |  5.1
Dodging        | 5 |  5.1
Charms         | |  5.8

Action                   |  1- 3 |  4- 6 |  7- 9 || total
-------------------------+-------+-------+-------++-------
Melee: Hand axe          |    53 |   151 |     8 ||   212
       Bite              |     5 |    14 |     1 ||    20
 Cast: Infusion          |     3 |       |       ||     3
       Shroud of Golubri |     1 |       |       ||     1
       Spectral Weapon   |     1 |     7 |     1 ||     9
       Song of Slaying   |     1 |     1 |     1 ||     3
       Regeneration      |       |    10 |     1 ||    11
  Use: Scroll            |       |     5 |       ||     5
 Stab: Distracted        |       |     1 |       ||     1
  Eat: Chunk             |       |     1 |       ||     1
Armor: Leather armour    |    11 |    26 |     6 ||    43
Dodge: Dodged            |    38 |   106 |     8 ||   152
Block: Buckler           |     3 |    38 |     3 ||    44
